nht, chaotic female elven Wizard ------ ----- |....| |%..| |.`..----...| |.`......`%.| |..--->---..| |---------.--- |...^^<|.....| |..----|.....| --.| |.....| |@-----.[...| |B..........| |.%---------- ---- nht the Thaumaturge Experience level: 7 Strength: 15 Dexterity: 13 Constitution: 13 Intelligence: 20 Wisdom: 10 Charisma: 7 Health: 0(53) Energy: 68(76) Def: 1 Gold: 518 Moves: 1968 Dungeon seed: wJtDYaeD3PtNpMPl Game ID: nht_1433694189 Your Inventory: Coins $ - 518 gold pieces Weapons a - a blessed +1 quarterstaff (weapon in hands) x - a +1 dwarvish mattock Armor e - a blessed +0 cloak of magic resistance (being worn) Q - an uncursed +0 cloak of invisibility Comestibles m - an uncursed carrot F - 3 uncursed slime molds R - an uncursed tripe ration W - an uncursed lembas wafer Scrolls j - an uncursed scroll of identify k - an uncursed scroll of magic mapping s - an uncursed scroll of create monster B - a blessed scroll of identify G - an uncursed scroll of confuse monster K - an uncursed scroll of remove curse P - an uncursed scroll of earth S - a blessed scroll of destroy armor U - an uncursed scroll of blank paper V - a cursed scroll of earth Spellbooks l - a blessed spellbook of blank paper Potions g - an uncursed diluted potion of enlightenment p - an uncursed potion of water r - an uncursed potion of acid A - an uncursed potion of levitation C - an uncursed potion of booze H - an uncursed potion of sickness Z - a potion of unholy water Rings c - an uncursed ring of sustain ability d - an uncursed ring of teleport control L - an uncursed ring of poison resistance (on left hand) Wands b - a wand of cancellation (0:8) D - a wand of enlightenment (0:13) E - a wand of slow monster (0:6) J - a blessed wand of locking (0:7) M - a wand of secret door detection (0:10) O - a wand of enlightenment (0:13) Tools f - an uncursed leather drum i - a blessed magic lamp n - an uncursed oil lamp (lit) (0:180) o - a magic marker (0:73) t - an uncursed towel u - an uncursed tallow candle (0:200) v - an uncursed skeleton key w - 6 uncursed wax candles (0:400) I - an uncursed bugle X - 5 cursed tallow candles (0:200) Gems q - an uncursed garnet stone y - an uncursed worthless piece of white glass z - 2 uncursed worthless pieces of orange glass N - 4 uncursed worthless pieces of green glass T - an uncursed worthless piece of violet glass Spells known in the end: Name Level Category Fail Memory a - force bolt 1 attack 0% 91% b - magic missile 2 attack 0% 91% c - detect monsters 1 divination 0% 91% d - light 1 divination 0% 91% Your skills at the end: Fighting Skills Weapon Skills quarterstaff [Basic] Spellcasting Skills attack spells [Basic] enchantment spells [Basic] Final Attributes: You were piously aligned. You were sleep resistant. You were poison resistant. You were magic-protected. You had infravision. You are dead. Vanquished creatures: a dwarf king a vampire bat a gnome king a gnome mummy 4 fire ants a shrieker 7 gnome lords 2 gnomish wizards a gray ooze a ghoul 7 dwarves a rabid rat a giant bat 3 killer bees an acid blob 2 hobbits a hobgoblin 2 giant rats 3 cave spiders a yellow mold a green mold a red mold 21 gnomes 2 jackals 3 sewer rats 4 grid bugs 3 bats a lichen a kobold zombie 4 newts 83 creatures vanquished. Voluntary challenges: You used a wielded weapon 141 times, starting on turn 21. You read items or engraved 12 times, starting on turn 124. You never genocided any monsters. You never polymorphed an object. You never changed form. You used no wishes. You never split a pudding. You wrote Elbereth's name 4 times, starting on turn 1196. You never violated your personal moral code. You disabled loading bones files. Dungeon overview: The Dungeons of Doom: levels 1 to 8 Level 1 a long staircase Level 2 an altar to Anhur Level 3 Level 4 stairs to The Gnomish Mines Level 5 Level 6 Level 7 many fountains Level 8 stairs to Sokoban The Gnomish Mines: levels 5 to 8 Level 5 stairs to The Dungeons of Doom Level 6 Level 7 (junk) many shops, a temple to Ptah, some fountains Level 8 Sokoban: Level 7 <- You were here stairs to The Dungeons of Doom History has recorded: On T:1 you entered the Dungeons of Doom to retrieve the Amulet of Yendor! On T:71 you reached level 2 of The Dungeons of Doom. On T:255 you reached level 3 of The Dungeons of Doom. On T:412 you advanced to experience level 2. On T:446 you reached level 4 of The Dungeons of Doom. On T:516 you reached level 5 of The Dungeons of Doom. On T:569 you advanced to experience level 3. On T:625 you reached level 1 of The Gnomish Mines. On T:665 you reached level 2 of The Gnomish Mines. On T:691 you advanced to experience level 4. On T:753 you advanced to experience level 5. On T:836 you reached level 3 of The Gnomish Mines. On T:949 you advanced to experience level 6. On T:1208 you reached level 4 of The Gnomish Mines. On T:1364 you advanced to experience level 7. On T:1520 you reached level 6 of The Dungeons of Doom. On T:1549 you reached level 7 of The Dungeons of Doom. On T:1612 you reached level 8 of The Dungeons of Doom. On T:1800 you reached level 4 of Sokoban. Score breakdown: Gold: 518 ( 9236 points) Experience: 7 levels (13645 points) Exploration: 8 levels ( 17.39%) (11832 points) Discoveries: 13 items ( 4.71%) ( 6510 points) Valuables value: (no points given unless you survive) Artifact value: 0 ( 0 points) Variety of kills: 30 monsters ( 7.92%) ( 8440 points) Time penalty: 1968 turns ( 0 points) Survival: died (score multiplied by 80%) Total score: 39730 Latest messages: You see here a dagger. S - a blessed scroll called kw1. The scroll turns to dust as you pick it up. B - a blessed scroll of identify. U - an uncursed scroll of light. Z - a cursed clear potion. H - an uncursed potion called pink5. A - an uncursed potion called wh2. L - an uncursed ring called di15. J - a blessed wand called marb nomsg. O - an uncursed wand of enlightenment. D - an uncursed wand of enlightenment. E - an uncursed wand of slow monster. I - an uncursed bugle. v - an uncursed key. i - a blessed magic lamp. x - an uncursed oil lamp (lit). X - 5 cursed tallow candles. t - an uncursed towel. w - 6 uncursed wax candles. N - 4 uncursed green gems. T - an uncursed violet gem. y - an uncursed white gem. A violet gem lands on the altar. The vampire bat bites! (3x) You die... Final status: Goodbye nht the Wizard, killed by a vampire bat... You died in Sokoban on dungeon level 7 with 39730 points, and 518 pieces of gold, after 1968 moves. You were level 7 with a maximum of 53 hit points when you died.